[Event "Gibraltar Junior Intl U16 2019"]
[Site "Caleta"]
[Date "2019.08.17"]
[Round "3.11"]
[White "Maldonado Mena, German"]
[Black "Seleznev, Egor"]
[Result "1-0"]
[ECO "D36"]
[WhiteElo "1850"]
[BlackElo "1590"]
[Annotator "NA"]
[PlyCount "119"]
[EventDate "2019.08.16"]
[EventType "swiss"]
[EventCountry "GGB"]
[SourceTitle "playchess.com"]
[Source "ChessBase"]
[SourceQuality "1"]
[TimeControl "6600+10"]

1. d4 d5 2. c4 e6 3. Nc3 Nf6 4. cxd5 exd5 5. Bg5 Nbd7 6. Qc2 c6 7. e3 Be7 8. Bd3 O-O 9. Nf3 Re8 10. O-O Nf8 11. Ne5 Ng6 {[%emt 0:02:43] D36: Queen's Gambit Declined: Exchange Variation: Main line (5 Bg5 c6 6 Qc2)} (11... Ng4 12. Bxe7 Qxe7 13. Nxg4 Bxg4 14. Rae1 Qd6 15. f4 Bd7 16. f5 f6 17. Qf2 Re7 18. e4 Rae8 19. exd5 cxd5 20. Rxe7 Rxe7 21. Qf4 Qxf4 22. Rxf4 {½-½ (41) Gozzoli,Y (2561)-Bacrot,E (2694) Saint-Quentin 2015}) 12. f4 Ng4 13. Bxe7 Qxe7 14. Qe2 N6xe5 15. fxe5 Be6 $146 ({Predecessor:} 15... Qg5 16. e4 dxe4 17. Nxe4 Qe3+ 18. Qxe3 Nxe3 19. Rf3 {½-½ (32) Liashkevich,L (1009)-Stoll,L (1398) Riga 2018}) 16. Rf4 f6 17. Rxg4 Bxg4 18. Qxg4 fxe5 19. Qh5 e4 (19... g6 $5 20. Qxe5 Qxe5 21. dxe5 Rxe5 $11) 20. Be2 Rad8 21. h4 Rd6 22. Qg5 Qxg5 23. hxg5 h6 24. g6 Rb8 25. Bh5 b6 26. b4 b5 27. a4 a5 28. bxa5 b4 29. Rb1 Rdd8 30. Na2 b3 31. Nc3 Rb4 32. Rb2 Ra8 33. Bd1 Rxa5 34. Rxb3 Rxb3 35. Bxb3 Kf8 36. Kf2 Ke7 37. Kg3 Kd6 38. Kf4 Ra8 39. Bd1 Rb8 40. Kg3 (40. Bg4 $16) 40... Rb4 41. a5 $18 c5 42. a6 Rb8 43. dxc5+ Kxc5 44. Be2 Ra8 45. Kf4 Rf8+ 46. Ke5 Re8+ 47. Kf5 Ra8 48. Ke6 d4 49. Nxe4+ Kb4 50. exd4 Ra7 51. d5 Ka5 52. d6 Kb6 53. d7 Kc7 54. Nd6 Ra8 55. Nf7 Rb8 56. d8=Q+ Rxd8 57. Nxd8 Kxd8 58. Kd6 Kc8 59. Kc6 Kb8 60. Kb6 1-0

[Event "Gibraltar Junior Intl U16 2019"]
[Site "Caleta"]
[Date "2019.08.17"]
[Round "3.12"]
[White "Lorente Serrano, Rosa Adela"]
[Black "Miller, Max C"]
[Result "1-0"]
[ECO "D02"]
[WhiteElo "1810"]
[BlackElo "1563"]
[Annotator "NA"]
[PlyCount "103"]
[EventDate "2019.08.16"]
[EventType "swiss"]
[EventCountry "GGB"]
[SourceTitle "playchess.com"]
[Source "ChessBase"]
[SourceQuality "1"]
[TimeControl "6600+10"]

1. Nf3 Nf6 2. g3 d5 3. Bg2 Nbd7 4. d4 e6 5. O-O c5 6. c3 b6 7. a4 a6 8. Ne5 Nxe5 9. dxe5 Nd7 10. Bf4 g5 $11 11. Bc1 Nxe5 12. f4 gxf4 13. gxf4 Ng6 14. c4 Bb7 15. Nc3 Rg8 16. cxd5 exd5 17. Kh1 Ne7 18. f5 Rxg2 19. Kxg2 d4+ 20. Kg3 dxc3 21. Qxd8+ Rxd8 22. bxc3 Be4 23. f6 Nd5 24. c4 Bd6+ 25. Kf2 Be5 26. Ra3 Bxf6 27. cxd5 Bh4+ 28. Kg1 Rd6 29. Bf4 Rg6+ 30. Bg3 Bxg3 31. Rxg3 Rxg3+ 32. hxg3 Bxd5 33. Rb1 Bc4 34. Rxb6 Bxe2 35. Rc6 Kf8 36. Rxc5 Kg7 37. Kf2 Bd3 38. Ke3 Bf1 39. Kf4 Bd3 40. Ke3 Bf1 41. Kd4 Kg6 42. Ke4 f5+ 43. Kf4 Bd3 44. Rd5 Be4 45. Rd6+ Kh5 46. Rxa6 h6 47. g4+ fxg4 48. Kxe4 Kg5 49. Rxh6 Kxh6 50. Kf4 Kh5 51. Kg3 Kg5 52. a5 1-0

[Event "Gibraltar Junior Intl U16 2019"]
[Site "Caleta"]
[Date "2019.08.17"]
[Round "3.13"]
[White "Kuzhelev, Timur"]
[Black "Bartelt, Max Peter"]
[Result "1-0"]
[ECO "D20"]
[WhiteElo "1597"]
[BlackElo "1803"]
[Annotator "NA"]
[PlyCount "43"]
[EventDate "2019.08.16"]
[EventType "swiss"]
[EventCountry "GGB"]
[SourceTitle "playchess.com"]
[Source "ChessBase"]
[SourceQuality "1"]
[TimeControl "6600+10"]

1. e4 e6 2. d4 d5 3. exd5 exd5 4. Nf3 Bd6 5. c4 dxc4 6. Bxc4 Nf6 7. O-O O-O 8. Nc3 Bg4 9. h3 Bh5 10. g4 Bg6 11. Ne5 Nbd7 12. f4 Ne4 13. Nxd7 Qxd7 14. f5 Nxc3 15. bxc3 Bxf5 16. Rxf5 c5 17. Bf4 b5 18. Bxf7+ Rxf7 19. Rxf7 Kxf7 20. Bxd6 Qxd6 21. Qf3+ Kg6 22. Qf5+ 1-0

[Event "Gibraltar Junior Intl U16 2019"]
[Site "Caleta"]
[Date "2019.08.17"]
[Round "3.14"]
[White "Gogia, Armaan"]
[Black "Lv, Jason"]
[Result "1-0"]
[ECO "C77"]
[WhiteElo "1754"]
[BlackElo "1532"]
[Annotator "NA"]
[PlyCount "55"]
[EventDate "2019.08.16"]
[EventType "swiss"]
[EventCountry "GGB"]
[SourceTitle "playchess.com"]
[Source "ChessBase"]
[SourceQuality "1"]
[TimeControl "6600+10"]

1. e4 e5 2. Nf3 Nc6 3. Bb5 Nf6 4. Qe2 a6 5. Ba4 Bc5 6. c3 O-O 7. O-O Re8 8. Rd1 b5 9. Bb3 Bb7 10. d3 h6 11. h3 d5 12. Nbd2 d4 13. Nf1 Qe7 14. g4 Nh7 15. Ng3 Rad8 16. Nf5 Qf8 17. N3h4 Na5 18. Ng6 Nxb3 19. Nxf8 Nxc1 20. Raxc1 Nxf8 21. cxd4 Bxd4 22. Rxc7 Ba8 23. Qf3 Rd7 24. Rxd7 Nxd7 25. Nxd4 exd4 26. Qf5 Nf8 27. Rc1 Ne6 28. a4 1-0

[Event "Gibraltar Junior Intl U16 2019"]
[Site "Caleta"]
[Date "2019.08.17"]
[Round "3.15"]
[White "Dharmasena, Gavith"]
[Black "Onslow, Teddy"]
[Result "1/2-1/2"]
[ECO "C01"]
[WhiteElo "1585"]
[BlackElo "1739"]
[Annotator "NA"]
[PlyCount "56"]
[EventDate "2019.08.16"]
[EventType "swiss"]
[EventCountry "GGB"]
[SourceTitle "playchess.com"]
[Source "ChessBase"]
[SourceQuality "1"]
[TimeControl "6600+10"]

1. e4 e6 2. d4 d5 3. exd5 exd5 4. c4 c6 5. Bd3 Nf6 6. Ne2 dxc4 7. Bxc4 Bd6 8. Nbc3 O-O 9. h3 b5 10. Bd3 Bb7 11. Bg5 h6 12. Bh4 Nbd7 13. O-O Qb6 14. Ng3 Bxg3 15. Bxg3 a5 16. Ne4 Nxe4 17. Bxe4 Nf6 18. Bd3 Rfd8 19. Be5 c5 20. Rc1 Rac8 21. dxc5 Rxc5 22. Rxc5 Qxc5 23. Bxf6 Qc6 24. Qg4 Qxf6 25. Bxb5 Rd5 26. Qe4 Qb6 27. Bd3 g6 28. Bc4 Rf5 1/2-1/2

[Event "Gibraltar Junior Intl U16 2019"]
[Site "Caleta"]
[Date "2019.08.17"]
[Round "3.16"]
[White "Nayak, Aurideep"]
[Black "Gutierrez Lupion, Nuria"]
[Result "1-0"]
[ECO "B53"]
[WhiteElo "1546"]
[BlackElo "1712"]
[Annotator "NA"]
[PlyCount "59"]
[EventDate "2019.08.16"]
[EventType "swiss"]
[EventCountry "GGB"]
[SourceTitle "playchess.com"]
[Source "ChessBase"]
[SourceQuality "1"]
[TimeControl "6600+10"]

1. e4 c5 2. Nf3 d6 3. d4 cxd4 4. Qxd4 Nc6 5. Bb5 Bd7 6. Bxc6 bxc6 7. Nc3 Nf6 8. Bg5 e5 9. Qd3 h6 10. Bh4 Rb8 11. Nd2 Be6 12. Nc4 Qd7 13. O-O Be7 14. b3 Bxc4 15. bxc4 O-O 16. Rad1 Rfd8 17. c5 d5 18. Bxf6 gxf6 19. exd5 Bxc5 20. Ne4 Be7 21. d6 Qe6 22. Qg3+ Kh8 23. dxe7 Qxe7 24. Qh4 Kg7 25. Qg4+ Kh7 26. Qf5+ Kg7 27. Rxd8 Rxd8 28. f4 Rd5 29. Qg4+ Kh7 30. fxe5 {[%emt 0:00:22] Kg8} 1-0

[Event "Gibraltar Junior Intl U16 2019"]
[Site "Caleta"]
[Date "2019.08.17"]
[Round "3.17"]
[White "Mendis, Vidura"]
[Black "Hernandez Tellez, Claudia"]
[Result "1-0"]
[ECO "B23"]
[WhiteElo "1528"]
[BlackElo "1711"]
[Annotator "NA"]
[PlyCount "59"]
[EventDate "2019.08.16"]
[EventType "swiss"]
[EventCountry "GGB"]
[SourceTitle "playchess.com"]
[Source "ChessBase"]
[SourceQuality "1"]
[TimeControl "6600+10"]

1. e4 c5 2. Nc3 Nc6 3. f4 g6 4. Nf3 Bg7 5. Bb5 Nd4 6. O-O e6 7. e5 a6 8. Be2 d5 9. d3 Ne7 10. a4 Nec6 11. Bd2 Bd7 12. a5 Nxf3+ 13. Bxf3 Nd4 14. Ne2 Nxf3+ 15. Rxf3 d4 16. Ng3 f5 17. exf6 Bxf6 18. Qe2 O-O 19. Ne4 Bc6 20. Rff1 Qe7 21. Rae1 Rae8 22. Qg4 e5 23. Nxf6+ Rxf6 24. Rxe5 Re6 25. Rfe1 Bd7 26. Rxe6 Bxe6 27. f5 Qf6 28. Rxe6 Rxe6 29. fxe6 Qe7 30. Bg5 1-0

[Event "Gibraltar Junior Intl U16 2019"]
[Site "Caleta"]
[Date "2019.08.17"]
[Round "3.18"]
[White "Greco, Joseph"]
[Black "Hussain, Adam"]
[Result "0-1"]
[ECO "C01"]
[WhiteElo "1690"]
[BlackElo "1515"]
[Annotator "NA"]
[PlyCount "93"]
[EventDate "2019.08.16"]
[EventType "swiss"]
[EventCountry "GGB"]
[SourceTitle "playchess.com"]
[Source "ChessBase"]
[SourceQuality "1"]
[TimeControl "6600+10"]

1. e4 e6 2. d4 d5 3. Bd3 c5 4. c3 dxe4 5. Bxe4 Nf6 6. Bf3 cxd4 7. cxd4 Be7 8. Nc3 O-O 9. Bf4 Nd5 10. Nxd5 exd5 11. Qb3 Nc6 12. Ne2 Bf6 13. Rd1 Qe7 14. O-O Be6 15. Rfe1 Rfd8 16. Be3 Rac8 17. Nc3 Qd7 18. Be2 Be7 19. Rc1 a6 20. Na4 Na5 21. Qd1 Rxc1 22. Bxc1 b5 23. Nc3 Rc8 24. Qd2 Bb4 25. Qe3 Nc6 26. f4 Qa7 27. Rd1 Nxd4 28. Kh1 Bc5 29. Bd3 Qd7 30. Bb1 b4 31. Ne2 Nxe2 32. Qxe2 Bg4 33. Qd3 Bxd1 34. Qxd1 f5 35. b3 Bd4 36. Bd2 Bc3 37. h3 d4 38. Bd3 a5 39. Bxc3 Rxc3 40. Qe2 Kf8 41. Kh2 Qe7 42. Qf3 g6 43. Qa8+ Kg7 44. Bc4 d3 45. Qd5 Kh6 46. Bxd3 Qe3 47. Bf1 0-1

[Event "Gibraltar Junior Intl U16 2019"]
[Site "Caleta"]
[Date "2019.08.17"]
[Round "3.19"]
[White "Guerreiro, Jose Velho"]
[Black "Aubury, Benjamin"]
[Result "1/2-1/2"]
[ECO "D00"]
[WhiteElo "1513"]
[BlackElo "1686"]
[Annotator "NA"]
[PlyCount "164"]
[EventDate "2019.08.16"]
[EventType "swiss"]
[EventCountry "GGB"]
[SourceTitle "playchess.com"]
[Source "ChessBase"]
[SourceQuality "1"]
[TimeControl "6600+10"]

1. d4 Nf6 2. Nf3 g6 3. Bg5 Bg7 4. Nc3 d5 5. e3 O-O 6. Bd3 c6 7. O-O a5 8. a4 Na6 9. Na2 Qb6 10. b3 Be6 11. Qe2 Rfe8 12. Nd2 Bd7 13. c4 Nb4 14. c5 Qc7 15. Bf4 Qd8 16. Nxb4 axb4 17. Be5 b6 18. Rfc1 Ng4 19. Bxg7 Kxg7 20. h3 Nf6 21. Nf3 Ra5 22. cxb6 Qxb6 23. Ne5 Rc8 24. Rc2 Be8 25. Rac1 c5 26. dxc5 Raxc5 27. Rxc5 Rxc5 28. Rxc5 Qxc5 29. Qc2 Qd6 30. Nf3 e5 31. Bb5 Bxb5 32. axb5 d4 33. Qc6 Qxc6 34. bxc6 Nd5 35. e4 Nb6 36. Nxe5 Kf6 37. Nd3 Ke6 38. Nxb4 Kd6 39. Kf1 f5 40. exf5 gxf5 41. Ke2 Kc5 42. Nd3+ Kxc6 43. Ne5+ Kd5 44. Nd3 Nc8 45. g4 Nd6 46. f3 h6 47. Nf4+ Ke5 48. Ng6+ Kf6 49. Nf4 Ke5 50. Nd3+ Kd5 51. Nb4+ Kc5 52. Nc2 fxg4 53. hxg4 Nf7 54. Kd3 Ne5+ 55. Ke4 d3 56. Ne3 Nc6 57. Kxd3 Nb4+ 58. Kd2 Nc6 59. Nf5 Ne5 60. Ke3 Nf7 61. f4 Kb4 62. Nd4 Kc3 63. f5 Ne5 64. Ne2+ Kxb3 65. Kf4 Nf7 66. f6 Kc4 67. Kf5 Nh8 68. Nf4 Kd4 69. Ng6 Nf7 70. Ne7 Ng5 71. Ng8 Nf7 72. Kg6 Ne5+ 73. Kf5 Nf7 74. Ke6 Ng5+ 75. Ke7 Ke5 76. Nxh6 Kf4 77. Nf7 Nh7 78. g5 Kf5 79. g6 Nxf6 80. g7 Kg6 81. Kf8 Nh7+ 82. Kg8 Nf6+ 1/2-1/2

[Event "Gibraltar Junior Intl U16 2019"]
[Site "Caleta"]
[Date "2019.08.17"]
[Round "3.20"]
[White "Khan, Samir"]
[Black "Patel, Devan"]
[Result "0-1"]
[ECO "C52"]
[WhiteElo "1282"]
[BlackElo "1659"]
[Annotator "NA"]
[PlyCount "22"]
[EventDate "2019.08.16"]
[EventType "swiss"]
[EventCountry "GGB"]
[SourceTitle "playchess.com"]
[Source "ChessBase"]
[SourceQuality "1"]
[TimeControl "6600+10"]

1. e4 e5 2. Nf3 Nc6 3. Bc4 Bc5 4. b4 Bxb4 5. c3 Ba5 6. d4 d6 7. O-O Nf6 8. d5 Ne7 9. Qa4+ c6 10. dxc6 Nxc6 11. Bb5 Qc7 0-1

[Event "Gibraltar Junior Intl U16 2019"]
[Site "Caleta"]
[Date "2019.08.17"]
[Round "3.21"]
[White "Gaspar Lopez, Rocio"]
[Black "Major, Richard"]
[Result "1/2-1/2"]
[ECO "C08"]
[WhiteElo "1367"]
[BlackElo "1615"]
[Annotator "NA"]
[PlyCount "88"]
[EventDate "2019.08.16"]
[EventType "swiss"]
[EventCountry "GGB"]
[SourceTitle "playchess.com"]
[Source "ChessBase"]
[SourceQuality "1"]
[TimeControl "6600+10"]

1. e4 e6 2. d4 d5 3. Nd2 c5 4. exd5 exd5 5. Ngf3 Nf6 6. Bb5+ Bd7 7. Bxd7+ Nbxd7 8. O-O Be7 9. dxc5 Nxc5 10. Nb3 O-O 11. Nxc5 Bxc5 12. Bg5 Bb6 13. c3 Re8 14. Bxf6 Qxf6 15. Qxd5 Re2 16. Qb3 Rae8 17. Rad1 g5 18. Nd4 h5 19. Nxe2 Rxe2 20. Rb1 g4 21. Qd1 Re5 22. g3 Rg5 23. Qe2 Re5 24. Qc4 Rf5 25. Qe4 Re5 26. Qxb7 Re2 27. Qg2 Kh7 28. a3 h4 29. gxh4 Qxh4 30. Qg3 Qe7 31. b4 Re6 32. Qd3+ Kg7 33. c4 Bc7 34. Qc3+ Kg8 35. f4 gxf3 36. Rxf3 Rg6+ 37. Rg3 Bxg3 38. hxg3 Qd6 39. Kg2 Qc6+ 40. Kg1 Qd6 41. Kg2 Qc6+ 42. Kg1 Qd6 43. Kf2 Rf6+ 44. Kg1 Rg6 1/2-1/2

[Event "Gibraltar Junior Intl U16 2019"]
[Site "Caleta"]
[Date "2019.08.17"]
[Round "3.22"]
[White "Dhanwani, Aryan"]
[Black "Guilfanov, Raphael"]
[Result "1/2-1/2"]
[ECO "C50"]
[WhiteElo "1319"]
[BlackElo "1493"]
[Annotator "NA"]
[PlyCount "29"]
[EventDate "2019.08.16"]
[EventType "swiss"]
[EventCountry "GGB"]
[SourceTitle "playchess.com"]
[Source "ChessBase"]
[SourceQuality "1"]
[TimeControl "6600+10"]

1. e4 e5 2. Nf3 Nc6 3. Bc4 Bc5 4. Nc3 Nf6 5. d3 O-O 6. Bg5 d6 7. Nd5 Bg4 8. Nxf6+ gxf6 9. Bh6 Re8 10. h3 Bh5 11. g4 Bg6 12. h4 Ne7 13. h5 d5 14. exd5 e4 15. hxg6 1/2-1/2

[Event "Gibraltar Junior Intl U16 2019"]
[Site "Caleta"]
[Date "2019.08.17"]
[Round "3.24"]
[White "Harbinson, Alec Ryan"]
[Black "Rayner, Hugo"]
[Result "0-1"]
[ECO "B72"]
[WhiteElo "1118"]
[BlackElo "1448"]
[Annotator "NA"]
[PlyCount "89"]
[EventDate "2019.08.16"]
[EventType "swiss"]
[EventCountry "GGB"]
[SourceTitle "playchess.com"]
[Source "ChessBase"]
[SourceQuality "1"]
[TimeControl "6600+10"]

1. e4 c5 2. Nf3 d6 3. d4 cxd4 4. Nxd4 Nf6 5. Nc3 g6 6. Be3 Bg7 7. Bc4 O-O 8. Qd2 Ng4 9. f3 Nxe3 10. Qxe3 Nc6 11. Nde2 Bd7 12. g4 Rc8 13. Bb3 b5 14. h4 b4 15. Nd1 Qb6 16. Qxb6 axb6 17. h5 gxh5 18. Rxh5 Ne5 19. Rh3 h5 20. Rg3 hxg4 21. fxg4 Bxg4 22. Nf4 Bf6 23. Kf1 Kh7 24. Ne3 Bg5 25. Nxg4 Bxf4 26. Rh3+ Kg6 27. Ne3 Bxe3 28. Rxe3 Rh8 29. Kg2 Kg5 30. Rf1 Rh4 31. Re2 Rg4+ 32. Kf2 Rf4+ 33. Ke1 Rxf1+ 34. Kxf1 Nc4 35. Bxc4 Rxc4 36. e5 d5 37. Rf2 Rf4 38. Rxf4 Kxf4 39. Ke2 Ke4 40. e6 f5 41. c3 bxc3 42. bxc3 f4 43. a3 b5 44. Kf2 f3 45. Kg3 0-1

[Event "Gibraltar Junior Intl U16 2019"]
[Site "Caleta"]
[Date "2019.08.18"]
[Round "4.1"]
[White "Revaliente Montoya, Ciro"]
[Black "Garrido Outon, Alex"]
[Result "1/2-1/2"]
[ECO "A07"]
[WhiteElo "2006"]
[BlackElo "2231"]
[Annotator "NA"]
[PlyCount "36"]
[EventDate "2019.08.16"]
[EventType "swiss"]
[EventCountry "GGB"]
[SourceTitle "playchess.com"]
[Source "ChessBase"]
[SourceQuality "1"]
[TimeControl "6600+10"]

1. Nf3 Nf6 2. g3 d5 3. Bg2 Bf5 4. d3 e6 5. O-O h6 6. Nfd2 Be7 7. e4 Bh7 8. f4 O-O 9. g4 dxe4 10. dxe4 Nc6 11. Nc3 Bb4 12. Kh1 Qd4 13. Ne2 Qd7 14. c3 Bc5 15. Ng3 Rfd8 16. e5 Ne8 17. Qf3 Qd3 18. Nde4 Bb6 1/2-1/2

[Event "Gibraltar Junior Intl U16 2019"]
[Site "Caleta"]
[Date "2019.08.18"]
[Round "4.2"]
[White "Cesar Maestre, Bernardo"]
[Black "Llena Velarde, David"]
[Result "1-0"]
[ECO "E01"]
[WhiteElo "2084"]
[BlackElo "1920"]
[Annotator "NA"]
[PlyCount "117"]
[EventDate "2019.08.16"]
[EventType "swiss"]
[EventCountry "GGB"]
[SourceTitle "playchess.com"]
[Source "ChessBase"]
[SourceQuality "1"]
[TimeControl "6600+10"]

1. d4 Nf6 2. Nf3 e6 3. g3 c5 4. c4 cxd4 5. Nxd4 Nc6 6. Bg2 Qb6 7. Nxc6 bxc6 8. O-O d5 9. Nc3 Be7 10. cxd5 cxd5 11. e4 O-O 12. exd5 Rd8 13. Qc2 exd5 14. Be3 Qc7 15. Rac1 Qd7 16. Rfd1 Bb7 17. Qb3 Bc6 18. Bd4 Rab8 19. Qc2 Qb7 20. Rd2 Rbc8 21. Bh3 Bd7 22. Bxd7 Rxd7 23. Qd3 Rcd8 24. Rdc2 Ne4 25. Nb5 a6 26. Na7 Bc5 27. Bxc5 Nxc5 28. Rxc5 Qxa7 29. Rxd5 Qb7 30. Rxd7 Rxd7 31. Qe4 g6 32. Qxb7 Rxb7 33. b3 Rb6 34. Kg2 Kg7 35. Rc4 Kf6 36. Kf3 Ke5 37. Ke3 Kd5 38. f4 Re6+ 39. Kf3 f5 40. Rc7 h5 41. Rc4 Re1 42. h3 Re6 43. g4 Rf6 44. Kg3 Re6 45. gxf5 gxf5 46. Kh4 Re3 47. Kxh5 Rg3 48. Ra4 Ke6 49. Rxa6+ Kf7 50. b4 Ke7 51. b5 Rg8 52. a4 Kd7 53. a5 Kc7 54. Rf6 Rh8+ 55. Kg5 Rxh3 56. a6 Kb8 57. b6 Rh8 58. Kxf5 Ka8 59. Kg6 1-0

[Event "Gibraltar Junior Intl U16 2019"]
[Site "Caleta"]
[Date "2019.08.18"]
[Round "4.3"]
[White "Krivenko, Dion"]
[Black "Perez Beltran, Salvador"]
[Result "0-1"]
[ECO "A08"]
[WhiteElo "1810"]
[BlackElo "2103"]
[Annotator "NA"]
[PlyCount "150"]
[EventDate "2019.08.16"]
[EventType "swiss"]
[EventCountry "GGB"]
[SourceTitle "playchess.com"]
[Source "ChessBase"]
[SourceQuality "1"]
[TimeControl "6600+10"]

1. e4 c5 2. Nf3 e6 3. d3 d5 4. Nbd2 Nc6 5. g3 Nf6 6. Bg2 g6 7. O-O Bg7 8. Re1 O-O 9. c3 b5 10. e5 Nd7 11. d4 f6 12. exf6 Qxf6 13. Qe2 cxd4 14. Qxb5 Nde5 15. Rxe5 Nxe5 16. cxd4 Nxf3+ 17. Nxf3 Qf7 18. Bf4 h6 19. Re1 g5 20. Bd6 Rd8 21. Ne5 Qb7 22. Qxb7 Bxb7 23. Bb4 Bxe5 24. Rxe5 Kf7 25. Bh3 Re8 26. Bg4 Kf6 27. Kf1 Rac8 28. Bc3 Ba6+ 29. Ke1 Bc4 30. a3 Rc6 31. Kd2 Rh8 32. Bh5 Rf8 33. Bb4 Rb8 34. Bc3 a5 35. Bd1 Rcb6 36. Kc1 Ra6 37. Bg4 Rf8 38. Kd2 Rb6 39. Ke3 Ra6 40. Kd2 Kg6 41. Ke3 Rf6 42. h4 gxh4 43. gxh4 Ba2 44. Be1 Bb1 45. Bc3 Be4 46. Be1 Rb6 47. Bc3 Ra6 48. Be1 Bf5 49. Be2 Ra7 50. Bd2 Rf8 51. Bc3 Kf6 52. Be1 Rg8 53. Bf3 Rg1 54. Bc3 Bg4 55. Kf4 Bxf3 56. Kxf3 Rh1 57. h5 a4 58. Bd2 Rh7 59. Bc3 Rh4 60. Kg3 Rh1 61. Kf3 Rf7 62. Bd2 Rh7 63. Bc3 Rf7 64. Bd2 Kg7+ 65. Ke2 Rf6 66. Bc3 Kf7 67. Bd2 Rf5 68. Rxf5+ exf5 69. Bxh6 Rxh5 70. Bf4 Ke6 71. Be5 Rh3 72. Bg3 Rh1 73. Kd2 Rh7 74. Kc3 Rb7 75. Kc2 Rb3 0-1

[Event "Gibraltar Junior Intl U16 2019"]
[Site "Caleta"]
[Date "2019.08.18"]
[Round "4.4"]
[White "Howell, Oliver W"]
[Black "Kracht, Raphael"]
[Result "1/2-1/2"]
[ECO "A37"]
[WhiteElo "1847"]
[BlackElo "2072"]
[Annotator "NA"]
[PlyCount "71"]
[EventDate "2019.08.16"]
[EventType "swiss"]
[EventCountry "GGB"]
[SourceTitle "playchess.com"]
[Source "ChessBase"]
[SourceQuality "1"]
[TimeControl "6600+10"]

1. Nf3 c5 2. c4 Nc6 3. Nc3 g6 4. g3 Bg7 5. Bg2 e6 6. O-O Nge7 7. d4 cxd4 8. Nb5 d5 9. cxd5 Nxd5 10. Nbxd4 Nxd4 11. Nxd4 O-O 12. e4 Nf6 13. Be3 e5 14. Nb5 Qa5 15. a4 Rd8 16. b4 Rxd1 17. bxa5 Rxa1 18. Rxa1 Bd7 19. Nxa7 Bf8 20. Rb1 Ng4 21. Rxb7 Nxe3 22. Rxd7 Nc4 23. Bf1 Nxa5 24. Bb5 Bc5 25. Nc6 Nxc6 26. Bxc6 Ra7 27. Rxa7 Bxa7 28. a5 Kf8 29. a6 Ke7 30. Bd5 f6 31. Kg2 Bb6 32. f4 g5 33. f5 Ba7 34. Kf3 Bb6 35. Kg4 Kf8 36. Kf3 1/2-1/2

[Event "Gibraltar Junior Intl U16 2019"]
[Site "Caleta"]
[Date "2019.08.18"]
[Round "4.5"]
[White "Cuellar Montes, Alejandro"]
[Black "Gogia, Armaan"]
[Result "1-0"]
[ECO "E76"]
[WhiteElo "2143"]
[BlackElo "1754"]
[Annotator "NA"]
[PlyCount "73"]
[EventDate "2019.08.16"]
[EventType "swiss"]
[EventCountry "GGB"]
[SourceTitle "playchess.com"]
[Source "ChessBase"]
[SourceQuality "1"]
[TimeControl "6600+10"]

1. d4 Nf6 2. c4 g6 3. Nc3 Bg7 4. e4 d6 5. f4 O-O 6. Nf3 c5 7. d5 e6 8. dxe6 fxe6 9. Bd3 Nc6 10. O-O a6 11. Ng5 Nd4 12. Be3 h6 13. Nh3 e5 14. f5 gxf5 15. exf5 Qe8 16. Qb1 Bd7 17. Nf2 Qh5 18. Bxd4 cxd4 19. Ne2 Ng4 20. Nxg4 Qxg4 21. Ng3 Bc6 22. Qc2 Rac8 23. Rae1 Kh8 24. Qb3 Bf6 25. Be4 Bh4 26. Rf3 Rc7 27. Qb6 Rg7 28. Bxc6 bxc6 29. Qxc6 Bxg3 30. hxg3 Rf6 31. c5 Qg5 32. cxd6 Qd2 33. Qe8+ Kh7 34. Qxe5 Rxd6 35. f6 Rf7 36. Qf5+ Kh8 37. Re8+ 1-0

[Event "Gibraltar Junior Intl U16 2019"]
[Site "Caleta"]
[Date "2019.08.18"]
[Round "4.6"]
[White "Volovich, Julia"]
[Black "Akeya-Price, Robert"]
[Result "1-0"]
[ECO "E36"]
[WhiteElo "1726"]
[BlackElo "1988"]
[Annotator "NA"]
[PlyCount "111"]
[EventDate "2019.08.16"]
[EventType "swiss"]
[EventCountry "GGB"]
[SourceTitle "playchess.com"]
[Source "ChessBase"]
[SourceQuality "1"]
[TimeControl "6600+10"]

1. d4 Nf6 2. c4 e6 3. Nc3 Bb4 4. Qc2 d5 5. a3 Bxc3+ 6. Qxc3 O-O 7. Bg5 c6 8. e3 Nbd7 9. Nf3 Re8 10. Bd3 h6 11. Bh4 dxc4 12. Qxc4 e5 13. Nxe5 Nxe5 14. dxe5 Rxe5 15. Qc3 Qe7 16. O-O Bf5 17. Bc4 Re8 18. Rac1 b5 19. Ba2 Bd7 20. Rfd1 Ne4 21. Bxe7 Nxc3 22. Rxc3 R8xe7 23. b4 g5 24. h3 Kg7 25. Rd6 f5 26. Bb1 f4 27. Rg6+ Kf7 28. Rxh6 fxe3 29. Rh7+ Kf6 30. Rh6+ Kg7 31. Rh7+ Kf6 32. Rxe7 exf2+ 33. Kxf2 Rxe7 34. Rf3+ Ke5 35. Re3+ Kf6 36. Rxe7 Kxe7 37. Ke3 Be6 38. Kd4 Kd6 39. Be4 Bc4 40. g3 Be6 41. Bg2 Bf5 42. h4 gxh4 43. gxh4 Bg4 44. Be4 Bh5 45. Bd3 Kd7 46. Kc5 Bf3 47. Bg6 Ke6 48. Be8 Kf5 49. Bxc6 Bxc6 50. Kxc6 Kg4 51. Kxb5 Kxh4 52. Ka6 Kg4 53. Kxa7 Kf5 54. b5 Ke6 55. b6 Kd5 56. b7 1-0

[Event "Gibraltar Junior Intl U16 2019"]
[Site "Caleta"]
[Date "2019.08.18"]
[Round "4.7"]
[White "Serrano Almendros, Alejandro"]
[Black "Shepherd, Tom"]
[Result "1/2-1/2"]
[ECO "D41"]
[WhiteElo "1922"]
[BlackElo "1659"]
[Annotator "NA"]
[PlyCount "100"]
[EventDate "2019.08.16"]
[EventType "swiss"]
[EventCountry "GGB"]
[SourceTitle "playchess.com"]
[Source "ChessBase"]
[SourceQuality "1"]
[TimeControl "6600+10"]

1. d4 d5 2. c4 e6 3. Nc3 Nf6 4. cxd5 Nxd5 5. e4 Nxc3 6. bxc3 c5 7. Nf3 cxd4 8. cxd4 Bb4+ 9. Bd2 Bxd2+ 10. Qxd2 O-O 11. Bc4 Nd7 12. O-O b6 13. Rfe1 Bb7 14. Rad1 Rc8 15. Bb3 Re8 16. Qd3 Qc7 17. Rd2 Qf4 18. g3 Qg4 19. Bd1 Qg6 20. Nh4 Qg5 21. f4 Qe7 22. Bf3 Qb4 23. Rb1 Qc3 24. Rb3 Qxd3 25. Rbxd3 Nf6 26. d5 exd5 27. exd5 Rc1+ 28. Kg2 g6 29. g4 Rd8 30. Rd4 Rc5 31. d6 Bxf3+ 32. Kxf3 Rc3+ 33. Kg2 Rc6 34. h3 Kf8 35. Nf3 Nd7 36. Ne5 Nxe5 37. fxe5 Rc5 38. Re4 Ke8 39. Rf2 Rcc8 40. Ref4 Rc5 41. Rxf7 Rxe5 42. Rf8+ Kd7 43. R2f7+ Ke6 44. Re7+ Kxd6 45. Rxd8+ Kxe7 46. Rh8 Re2+ 47. Kf3 Rxa2 48. Rxh7+ Kf6 49. h4 Ra3+ 50. Kf4 Ra4+ {[%emt 0:00:01] Ke4 Ke5+} 1/2-1/2

[Event "Gibraltar Junior Intl U16 2019"]
[Site "Caleta"]
[Date "2019.08.18"]
[Round "4.9"]
[White "Nayak, Aurideep"]
[Black "Maldonado Mena, German"]
[Result "0-1"]
[ECO "C26"]
[WhiteElo "1546"]
[BlackElo "1850"]
[Annotator "NA"]
[PlyCount "40"]
[EventDate "2019.08.16"]
[EventType "swiss"]
[EventCountry "GGB"]
[SourceTitle "playchess.com"]
[Source "ChessBase"]
[SourceQuality "1"]
[TimeControl "6600+10"]

1. e4 e5 2. Nc3 Nf6 3. g3 Bc5 4. Bg2 d6 5. Na4 Bb6 6. Nxb6 axb6 7. Ne2 Be6 8. O-O Nc6 9. a3 d5 10. d3 h6 11. f4 dxe4 12. dxe4 Qe7 13. Qe1 Qc5+ 14. Qf2 Qxc2 15. fxe5 Ng4 16. Qe1 Bc4 17. Bd2 Rd8 18. Rc1 Qxd2 19. Qxd2 Rxd2 20. Rxc4 Ne3 0-1